 Dungeon Crawl Stone Soup version 0.17.0-15-g6d90897 (console) character file.

392 gw the Cutter (level 6, -1/32 HPs)
             Began as a Vine Stalker Gladiator on Nov 10, 2015.
             Was an Initiate of Cheibriados.
             Slain by Natasha (6 damage)
             ... on level 4 of the Dungeon.
             The game lasted 00:05:47 (4369 turns).

gw the Cutter (Vine Stalker Gladiator)              Turns: 4369, Time: 00:05:47

Health: -1/32      AC:  5    Str: 18    XL:     6   Next: 81%
Magic:  0/7        EV: 14    Int:  9    God:    Cheibriados [......]
Gold:   138        SH:  0    Dex: 18    Spells: 0 memorised, 5 levels left

rFire  . . .     SeeInvis .     a - +0 rapier
rCold  . . .     Clarity  .     i - +0 robe (curse)
rNeg   . . .     SustAt   .     (no shield)
rPois  .         Gourm    .     c - +0 helmet
rElec  .         Spirit   +     h - +0 cloak
rCorr  .         Warding  .     (no gloves)
rMut   .         Stasis   .     g - +0 pair of boots
MR     .....                    (no amulet)
Stlth  ++........               (no ring)
                                (no ring)

@: very slow, not resistant to hostile enchantments, unstealthy
A: fangs 2, regeneration 2, magic shield, antimagic bite, no device heal 3, rot
immunity
a: Bend Time, Renounce Religion


You were on level 4 of the Dungeon.
You worshipped Cheibriados.
Cheibriados was noncommittal.
You were not hungry.

You visited 1 branch of the dungeon, and saw 4 of its levels.

You collected 138 gold pieces.

Inventory:

Hand Weapons
 a - a +0 rapier (weapon)
Missiles
 b - 37 stones
 d - 3 throwing nets
 j - 13 poisoned needles
 m - 4 tomahawks (quivered)
Armour
 c - a +0 helmet (worn)
 f - a +0 ring mail
 g - a +0 pair of boots (worn)
 h - a +0 cloak (worn)
 i - a cursed +0 robe (worn)
 k - a +0 leather armour
 l - a +0 leather armour
 n - a +0 leather armour
Comestibles
 e - 2 bread rations


   Skills:
 + Level 2.9 Fighting
 * Level 4.6 Short Blades
 + Level 3.1 Throwing
 + Level 3.5 Dodging
 + Level 1.3 Invocations


You had 5 spell levels left.
You didn't know any spells.

Dungeon Overview and Level Annotations

Branches:
Dungeon (4/15)
 Temple: D:4-7

Altars:
Cheibriados
Elyvilon
Sif Muna

Annotations:
D:4 Natasha


Innate Abilities, Weirdness & Mutations

You have extremely sharp teeth.
You heal very quickly.
When hurt, damage is shared between your health and your magic reserves.
Your bite disrupts and absorbs the magic of your enemies.
Potions and wands cannot restore your health.
You are immune to rotting.


Message History

Unknown command.
Unknown command.
Unknown command.
Unknown command.
ATTACK MOVE TO (-1,1)
You hit the shadow imp. You bite the shadow imp.
The shadow imp's magic leaks into the air.
You drain its magic.
You kill the shadow imp!
Natasha barely misses you.
Unknown command.
Unknown command.
Unknown command.
Unknown command.
ATTACK MOVE TO (0,1)
You closely miss Natasha. You bite Natasha.
Natasha's magic leaks into the air.
You drain her magic.
You feel invigorated.
Natasha is moderately wounded.
Natasha claws you!
You die...

#..###
#...###..........^###.....
#### ##.<....##.......###
#.....
###...##......#..###
##.... ##....######...<###
#.... ##...### ###..#
##... ##...## ##.## ##..
##..### #..# ##. #..##
#..# ## ..## ##f## # ###
#.h# #.## ##.# #######
#..# ##.....###.##
#..........# #..........##
#...........##


You could see Natasha.

Table legend:
 A = Turns spent in this place as a percentage of turns spent in the entire game.
 B = Non-inter-level travel turns spent in this place as a percentage of non-inter-level travel turns spent in the entire game.
 C = Inter-level travel turns spent in this place as a percentage of turns spent in this place.
 D = Turns resting spent in this place as a percentage of non-inter-level travel turns spent in this place.
 E = Turns spent auto-exploring this place as a percentage of non-inter-level travel turns spent in this place.
 F = Non-inter-level travel turns spent in this place divided by the number of levels of this place that you've seen.
                   A       B       C       D       E      F
               +-------+-------+-------+-------+-------+----------------------
         Total | 100.0 | 100.0 |   0.5 |   0.7 |   1.8 | 2188.8
       Dungeon | 100.0 | 100.0 |   0.5 |   0.7 |   1.8 | 2188.8
               +-------+-------+-------+-------+-------+----------------------

Table legend:
 A = Kills in this place as a percentage of kills in entire the game.
 B = Kills by you in this place as a percentage of kills by you in the entire game.
 C = Kills by friends in this place as a percentage of kills by friends in the entire game.
 D = Other kills in this place as a percentage of other kills in the entire game.
 E = Experience gained in this place as a percentage of experience gained in the entire game.
 F = Experience gained in this place divided by the number of levels of this place that you have seen.
                   A       B       C       D       E      F
               +-------+-------+-------+-------+-------+----------------------
         Total | 100.0 | 100.0 |  -nan |  -nan | 100.0 | 140.2
       Dungeon | 100.0 | 100.0 |  -nan |  -nan | 100.0 | 140.2
               +-------+-------+-------+-------+-------+----------------------

Vanquished Creatures
  3 scorpions (D:4)
  A giant frog skeleton (D:4)
  Natasha (D:4)
  A hound zombie (D:3)
  5 river rats (D:3)
  5 adders
  An ooze (D:1)
  2 worms
  A giant gecko (D:2)
  4 orcs (D:3)
  2 ball pythons (D:1)
  3 giant cockroaches
  11 hobgoblins
  2 jackals (D:4)
  6 kobolds
  3 quokkas (D:2)
  11 bats
  A giant gecko skeleton (D:4)
  7 giant newts
  13 goblins
  A jackal skeleton (D:4)
  10 rats
94 creatures vanquished.

Vanquished Creatures (others)
  2 plants (D:2)
2 creatures vanquished.

Grand Total: 96 creatures vanquished

Notes
Turn   | Place    | Note
--------------------------------------------------------------
     0 | D:1      | gw the Vine Stalker Gladiator began the quest for the Orb.
     0 | D:1      | Reached XP level 1. HP: 11/11 MP: 2/2
   199 | D:1      | Reached XP level 2. HP: 10/15 MP: 3/3
   397 | D:1      | Reached skill level 3 in Short Blades
   567 | D:1      | Reached XP level 3. HP: 18/18 MP: 4/4
  1403 | D:2      | Reached XP level 4. HP: 5/23 MP: 5/5
  1524 | D:2      | Found a white marble altar of Elyvilon.
  1701 | D:2      | Found a deep blue altar of Sif Muna.
  2704 | D:3      | Reached XP level 5. HP: 27/27 MP: 6/6
  3025 | D:3      | Found a snail-covered altar of Cheibriados.
  3033 | D:3      | Became a worshipper of Cheibriados the Contemplative
  3271 | D:3      | Reached skill level 4 in Short Blades
  3377 | D:4      | Gained mutation: You heal very quickly. [Vine Stalker growth]
  3377 | D:4      | Reached XP level 6. HP: 8/32 MP: 2/7
  3388 | D:4      | HP: 1/32 [poisoned by a scorpion]
  3393 | D:4      | HP: 1/32 [poisoned by a scorpion]
  3398 | D:4      | HP: 1/32 [poisoned by a scorpion]
  3792 | D:4      | Noticed Natasha
  3833 | D:4      | Killed Natasha
  3913 | D:4      | Reached skill level 1 in Invocations
  4329 | D:4      | Noticed Natasha
  4369 | D:4      | Slain by Natasha

Action                   |  1- 3 |  4- 6 || total
-------------------------+-------+-------++-------
Melee: Rapier            |   119 |   205 ||   324
Throw: Stone             |     7 |   113 ||   120
       Tomahawk          |       |    29 ||    29
Invok: Bend Time         |       |     4 ||     4
  Eat: Chunk             |     1 |    10 ||    11
       Bread ration      |       |     1 ||     1

Vault maps used:
D:1:      dpeg_arrival_round_b, serial_bayou_pond_c, dk_noncrumbling_4
D:2:      led_sif_pool, old_standard_altar, first_bread, grunt_ministairs_10,
          serial_bayou_lagoon_a, minmay_strange_pillars
D:3:      lemuel_coloured_pillars_altar, portal_sewer_entry_e,
          minmay_misc_feat_chi
D:4:      uniq_natasha
